 Dungeon Crawl Stone Soup version 0.26-a0-835-g8259106e14 (webtiles) character file.

Game seed: 5819105804362401210

70 Kinoniko the Chopper (level 4, 33/33 HPs)
             Began as a Demonspawn Gladiator on Nov 17, 2020.
             Quit the game on level 2 of the Dungeon.
             The game lasted 00:02:11 (1460 turns).

Kinoniko the Chopper (Demonspawn Gladiator)         Turns: 1460, Time: 00:02:12

Health: 33/33      AC:  6    Str: 16    XL:     4   Next: 3%
Magic:  4/4        EV: 11    Int:  9    God:
Gold:   42         SH:  0    Dex: 14    Spells: 3/3 levels left

rFire    . . .     SeeInvis .   a - +0 war axe
rCold    . . .     Faith    .   (no shield)
rNeg     . . .     Spirit   +   h - +0 ring mail
rPois    .         Reflect  .   c - +0 helmet
rElec    .         Harm     .   (no cloak)
rCorr    .         Rampage  .   (no gloves)
MR       .....                  (no boots)
Stlth    +.........             (no amulet)
HPRegen  0.11/turn              (no ring)
MPRegen  0.09/turn              (no ring)

@: no status effects
A: claws 1, spiny 1, magic shield
a: no special abilities


You were on level 2 of the Dungeon.
You visited 1 branch of the dungeon, and saw 2 of its levels.

You collected 42 gold pieces.

Inventory:

Hand Weapons
 a - a +0 war axe (weapon)
Missiles
 d - 3 throwing nets
 g - 125 stones (quivered)
Armour
 c - a +0 helmet (worn)
 h - a +0 ring mail (worn)
Wands
 k - a wand of paralysis (6)
Scrolls
 e - 4 scrolls of remove curse {unknown}
 f - 3 scrolls of identify {unknown}
 j - a scroll of fog {unknown}
Potions
 b - 2 potions of flight {unknown}
 i - a potion of berserk rage {unknown}


   Skills:
 - Level 2.0 Fighting
 + Level 4.5 Axes
 - Level 1.7 Throwing
 - Level 2.6 Dodging


You had 3 spell levels left.
You didn't know any spells.
Your spell library was empty.

Dungeon Overview and Level Annotations

Branches:
Dungeon (2/15)

Altars:


Innate Abilities, Weirdness & Mutations

You have sharp fingernails.
You are partially covered in sharp spines.
When hurt, damage is shared between your health and your magic reserves.


Message History

You kill the kobold!
You slash the rat!
You kill the rat!
No target in view!
No target in view!
No target in view!
No target in view!
No target in view!
No target in view!
No target in view!
No target in view!
No target in view!
No target in view!
No target in view!
No target in view!
No target in view!
No target in view!
Quiver which item? (- for none, * to show all) (? for menu, Esc to quit)
Okay, then.
Are you sure you want to abandon this character and quit the game? (Confirm with "yes".)

#.#..#.#...#####.#
#......#....#......##.#
##......#....#.#.##.#...
...............#....####
#.)....###..#..........
#.)....##.....#.#######
#.#.......#.....#........
#.#....†..#.....#.#######
#.# ###.@.#)..........#
#.# #....+....##.###.# #
#.# #....#....##.# #.# #
#.# #....'...# #.# #.# #
#.# #....###.# #.# #.###
#.####'#+##.#.###.###..).
#..........(#..##......†.
#........##.#..##.####...
#........+.)....#+####...


There were no monsters in sight!

Vanquished Creatures
  An adder (D:2)
  An ooze (D:1)
  A worm (D:2)
  2 dart slugs (D:1)
  4 bats
  6 giant cockroaches
  5 goblins
  8 hobgoblins
  8 kobolds
  A quokka (D:2)
  2 frilled lizards (D:1)
  5 rats
44 creatures vanquished.

Notes
Turn   | Place    | Note
-------+----------+-------------------------------------------
     0 | D:1      | Kinoniko the Demonspawn Gladiator began the quest for the
                  | Orb.
     0 | D:1      | Reached XP level 1. HP: 16/16 MP: 1/1
   218 | D:1      | Reached skill level 3 in Axes
   331 | D:1      | Gained mutation: You are partially covered in sharp spines.
                  | [demonic ancestry]
   331 | D:1      | Reached XP level 2. HP: 19/22 MP: 2/2
   588 | D:1      | Gained mutation: You have sharp fingernails. [demonic
                  | ancestry]
   588 | D:1      | Reached XP level 3. HP: 27/27 MP: 3/3
   619 | D:1      | Reached skill level 4 in Axes
  1370 | D:2      | Gained mutation: When hurt, damage is shared between your
                  | health and your magic reserves. [demonic ancestry]
  1370 | D:2      | Reached XP level 4. HP: 29/33 MP: 4/4
  1460 | D:2      | Quit the game

Illustrated notes

Levels and vault maps discovered:
D:1:      dpeg_arrival_morbid_curiosity, layout_loops_ring
D:2:      layout_basic, uniq_robin, uniq_sigmund, uniq_terence

Skill      XL: |  1  2  3 |
---------------+----------+-----
Axes           | 3 4 |  4.5
Fighting       | |  2.0
Throwing       | |  1.7
Dodging        | |  2.6

Action                   |  1- 3 |  4- 6 || total
-------------------------+-------+-------++-------
Melee: War axe           |    79 |     3 ||    82
Throw: Stone             |    23 |       ||    23
Armor: Leather armour    |    19 |       ||    19
       Ring mail         |    17 |     1 ||    18
Dodge: Dodged            |    63 |     1 ||    64

Table legend: (Time is in decaauts)
 A = Elapsed time spent in this place.
 B = Non-inter-level travel time spent in this place.
 C = Inter-level travel time spent in this place.
 D = Time resting spent in this place.
 E = Time spent auto-exploring this place.
 F = Levels seen in this place.
 G = Mean time per level.
                   A        B        C        D        E       F      G
               +--------+--------+--------+--------+--------+-----+--------+
         Total |   1486 |   1423 |     63 |    205 |    962 |   2 |  743.0 |
       Dungeon |   1486 |   1423 |     63 |    205 |    962 |   2 |  743.0 |
               +--------+--------+--------+--------+--------+-----+--------+

Top non-repeatable levels by time:
     D:1: 1150 daAuts
     D:2: 336 daAuts
